 Dungeon Crawl Stone Soup version 0.31-a0-801-gc67433417a (webtiles) character file.

Game seed: 13499691132467064261

3 GordonOverkill the Sneak (level 1, -5/13 HPs)
             Began as a Deep Elf Delver on Sept 20, 2023.
             Was an Initiate of Sif Muna.
             Slain by a river rat (7 damage)
             ... in a sewer.
             The game lasted 00:01:18 (183 turns).

GordonOverkill the Sneak (Deep Elf Delver)           Turns: 183, Time: 00:01:19

Health: -5/13      AC:  3    Str:  9    XL:     1   Next: 41%
Magic:  3/3        EV: 12    Int: 14    God:    Sif Muna [......]
Gold:   6          SH:  0    Dex: 16    Spells: 0/0 levels left

rFire   . . .        a - +0 short sword
rCold   . . .        (no shield)
rNeg    . . .        b - +0 leather armour
rPois   .            (no helmet)
rElec   .            (no cloak)
rCorr   .            (no gloves)
SInv    .            (no boots)
Will    .....        (no amulet)
Stlth   +++          (no ring)
HPRegen 0.22/turn    (no ring)
MPRegen 0.08/turn

%: no passive effects
@: hasted, very quick
A: no striking features
a: Renounce Religion


You were in a sewer.
You worshipped Sif Muna.
Sif Muna was noncommittal.
You visited 1 branch of the dungeon, and saw 5 of its levels.
You also visited: Sewer.

You collected 6 gold pieces.

Inventory:

Hand Weapons
 a - a +0 short sword (weapon)
Armour
 b - a +0 leather armour (worn)
Wands
 g - a wand of digging (1)
Scrolls
 c - a scroll of fog
 e - a scroll of fear
 h - 4 scrolls of teleportation {unknown}
 i - a scroll of identify {unknown}


   Skills:
 + Level 2.6 Fighting
 - Level 2.0 Short Blades
 - Level 2.4 Dodging
 - Level 6.0 Stealth


You couldn't memorise any spells.
You didn't know any spells.
Your spell library was empty.

Dungeon Overview and Level Annotations

Branches:
Dungeon (6/15)              Sewer (1/1)
 Temple: D:4-7

Altars:
Fedhas
Gozag
Sif Muna
Wu Jian
The Shining One


Message History

You feel yourself speed up.
You hit the river rat.
The river rat is heavily wounded.
You barely miss the river rat.
The river rat is heavily wounded.
The river rat bites you.
You closely miss the river rat.
The river rat is heavily wounded.
You barely miss the river rat.
You punch the river rat, but do no damage.
The river rat is heavily wounded.
The river rat bites you but does no damage.
You closely miss the river rat.
The river rat is heavily wounded.
The river rat bites you.
* * * LOW HITPOINT WARNING * * *
You closely miss the river rat.
The river rat is heavily wounded.
You closely miss the river rat.
The river rat is heavily wounded.
The river rat bites you.
* * * LOW HITPOINT WARNING * * *
You hit the river rat.
The river rat is heavily wounded.
You closely miss the river rat.
The river rat is heavily wounded.
The river rat misses you.
You closely miss the river rat.
The river rat is heavily wounded.
The river rat barely misses you.
You barely miss the river rat.
The river rat is heavily wounded.
You completely miss the river rat.
The river rat is heavily wounded.
The river rat barely misses you.
You hit the river rat but do no damage.
The river rat is heavily wounded.
The river rat bites you!
Ouch! That really hurt!
You die...

### ##@#
##r##
####.##
#∩..##
##....##
#∩.....#
#......#
##.....#
#....##


You could see a river rat.

Vanquished Creatures
  2 quokkas
  A rat (D:3)
3 creatures vanquished.

Notes
Turn   | Place    | Note
-------+----------+-------------------------------------------
     0 | D:5      | GordonOverkill the Deep Elf Delver began the quest for the
                  | Orb.
     0 | D:5      | Reached XP level 1. HP: 13/13 MP: 3/3
     2 | D:5      | Found a blossoming altar of Fedhas.
     8 | D:5      | Became a worshipper of Sif Muna the Loreminder
    39 | D:6      | Noticed a gnoll bouda
    48 | D:5      | Noticed a steam dragon
   156 | D:3      | Found a glowing drain.
   160 | Sewer    | Entered a sewer
   183 | Sewer    | Slain by a river rat

Illustrated notes

Levels and vault maps discovered:
D:2:      layout_loops_ring, basic_altar
D:3:      layout_basic, mainiacjoe_overflow_catwalk_spiral,
          gup_sewer_entry_bowl, minmay_snake_closets
D:4:      layout_loops_cross, tgw_xom, serial_rivers,
          chequers_serial_rivers_room_b, chequers_serial_rivers_marsh,
          chequers_serial_rivers_large_a, chequers_serial_rivers_micro_d,
          chequers_serial_rivers_micro_b, chequers_serial_rivers_small_b,
          guppyfry_early_orc_mine
D:5:      layout_cave_pods, overflow_temple_1_default,
          nicolae_overflow_hidden_temple, minmay_pentangle, uniq_prince_ribbit1
D:6:      layout_gridville, minmay_temple_entry_arrows, minmay_diced_spiral
Sewer:    sewer_fruit_machine

Action                     || total
---------------------------++-------
  Melee: Short sword       ||    21
         Punch             ||     1
  Evoke: Wand              ||     2
    Use: Scroll            ||     1
         Potion            ||     1
   Stab: Sleeping          ||     1
 Armour: Leather armour    ||     6
  Dodge: Dodged            ||    14

Table legend: (Time is in decaauts)
 A = Elapsed time spent in this place.
 B = Non-inter-level travel time spent in this place.
 C = Inter-level travel time spent in this place.
 D = Time resting spent in this place.
 E = Time spent auto-exploring this place.
 F = Levels seen in this place.
 G = Mean time per level.
                   A        B        C        D        E       F      G
               +--------+--------+--------+--------+--------+-----+--------+
         Total |    180 |    180 |      0 |      0 |      0 |   6 |   30.0 |
       Dungeon |    162 |    162 |      0 |      0 |      0 |   5 |   32.4 |
         Sewer |     18 |     18 |      0 |      0 |      0 |   1 |   18.0 |
               +--------+--------+--------+--------+--------+-----+--------+

Top non-repeatable levels by time:
     D:3: 94 daAuts
     D:5: 40 daAuts
   Sewer: 18 daAuts
     D:2: 12 daAuts
     D:6: 9 daAuts
     D:4: 5 daAuts
